Map: Orbital Shipyard

Players

Acalagon - Winner!

  • Race: Terran Terran
  • League: Gold

LindyHop

  • Race: Zerg Zerg
  • League: Gold

VOD

Have the link to the VOD?

Description

Time

  • Played on: Dec. 5, 2015, 7:30 p.m.
  • Length: 22:27
Show
View Real Time Build Order
Export as new Build Order

Acalagon Terran - Winner!

Build Orders: Command Center First (CC) 

Get SALT Encoding   

  12  0:03  SCV  
  13  0:15  SCV  
  14  0:25  Supply Depot  
  14  0:28  SCV  
  15  0:47  SCV  
  16  0:59  Command Center  
  16  1:00  SCV  
  17  1:12  SCV  
  17  1:17  Barracks  
  18  1:24  SCV  
  19  1:38  SCV  
  19  1:39  Supply Depot  
  20  1:50  SCV  
  21  1:55  Barracks  
  21  1:56  Refinery  
  21  2:11  Orbital Command  
  21  2:13  Refinery, Marine  
  22  2:28  Orbital Command  
  22  2:37  Barracks Tech Lab  
  22  2:45  Engineering Bay  
  22  2:47  SCV, Engineering Bay  
  23  2:54  SCV  
  24  2:59  SCV  
  24  3:01  Marauder  
  24  3:04  Barracks Reactor  
  27  3:06  SCV  
  28  3:19  Factory  
  28  3:23  Marauder  
  28  3:26  SCV  
  31  3:27  SCV  
  31  3:30  Refinery  
  31  3:33  Refinery  
  32  3:38  Terran Infantry Weapons Level 1, SCV  
  32  3:39  SCV  
  34  3:46  Marauder  
  34  3:47  Marine x2  
  37  3:50  SCV  
  37  3:52  SCV  
  37  3:54  Bunker  
  39  4:07  Starport  
  39  4:08  Factory Reactor  
  39  4:12  Marine x2  
  39  4:15  Marauder  
  39  4:32  Supply Depot, Marine  
  39  4:33  Marine  
  34  4:47  SCV x2  
  34  4:50  Marine  
  34  4:51  Marine  
  30  4:59  SCV x2  
  26  5:08  Marine  
  26  5:09  Marine  
  26  5:11  SCV x2  
  30  5:22  Starport Reactor  
  30  5:23  SCV x2  
  30  5:25  Terran Infantry Armor Level 1  
  30  5:26  Widow Mine, Marine  
  30  5:27  Marine  
  36  5:35  SCV  
  36  5:36  SCV  
  34  5:54  Supply Depot, Bunker  
  32  6:04  Supply Depot  
  32  6:13  Liberator  
  32  6:15  SCV  
  32  6:16  SCV  
  34  6:19  Liberator  
  34  6:28  SCV x2, Armory  
  42  6:40  SCV x2  
  44  6:49  Combat Shields  
  44  6:52  SCV x2  
  46  7:09  Supply Depot x2  
  46  7:30  SCV x2, Terran Infantry Weapons Level 2, Marine x2  
  46  7:31  Marauder  
  46  7:32  Supply Depot x2  
  52  7:42  SCV x2  
  54  7:47  Liberator  
  54  7:48  Marine x2  
  56  7:52  Marauder  
  58  8:01  Hellbat x2  
  58  8:05  Medivac  
  67  8:06  SCV, Marine x2  
  67  8:08  SCV  
  71  8:13  Marauder  
  71  8:18  SCV  
  74  8:20  SCV  
  74  8:23  Marine x2  
  77  8:31  SCV  
  78  9:17  Command Center  
  78  9:43  Supply Depot x2  
  78  9:44  Supply Depot  
  78  10:04  Marine x2  
  78  10:05  SCV x2, Marauder  
  81  10:14  Command Center  
  81  10:17  SCV x2  
  81  10:18  Medivac x2  
  81  10:20  Missile Turret  
  81  10:21  Missile Turret  
  84  10:22  Marine x2  
  84  10:25  Missile Turret  
  84  10:26  Marauder  
  88  10:28  Missile Turret  
  88  10:29  SCV x2, Missile Turret  
  88  10:31  Missile Turret  
  88  10:32  Missile Turret  
  88  10:33  Missile Turret  
  90  10:39  Planetary Fortress  
  90  10:40  Marine x2  
  90  10:41  SCV x2  
  94  10:48  Marauder  
  96  10:58  Marine x2  
  98  11:09  Marine  
  99  11:16  Marine  
  99  11:17  SCV x2  
  102  11:20  Refinery, Marine  
  102  11:21  Refinery  
  103  11:26  Barracks  
  103  11:27  Missile Turret, Marauder  
  103  11:28  Barracks x2  
  105  11:33  Marine  
  105  11:34  Terran Infantry Weapons Level 3, Missile Turret  
  105  11:36  Barracks  
  105  11:38  Marine  
  105  11:39  Planetary Fortress  
  107  11:45  Missile Turret  
  107  11:48  Marauder  
  107  11:51  Marine  
  110  11:58  Marine  
  111  12:09  Marine  
  111  12:10  Marauder  
  88  12:48  Marauder, Marine x5  
  90  13:03  SCV x2  
  90  13:04  Missile Turret  
  92  13:05  Marine  
  92  13:06  Missile Turret, Marine x4  
  92  13:07  Missile Turret  
  92  13:10  Marauder  
  80  13:22  Terran Infantry Armor Level 2  
  80  13:23  Marine x2  
  80  13:24  Marine x3  
  80  13:25  Stimpack  
  85  13:31  Marauder  
  87  13:37  Medivac x2  
  91  13:41  Marine x3  
  91  13:42  Marine x2  
  91  13:45  Refinery  
  96  13:52  Marauder  
  98  13:59  Command Center, Marine x2  
  98  14:00  Marine  
  98  14:01  Marine x2  
  103  14:07  Missile Turret  
  103  14:08  Missile Turret  
  103  14:14  Marauder  
  103  14:17  Hellion x2, Medivac, Marine x2  
  109  14:18  Marine x2, Medivac  
  117  14:35  Missile Turret, Marauder  
  117  14:37  Missile Turret  
  119  14:43  SCV x2  
  121  14:49  SCV x2  
  123  14:55  SCV x2, Refinery  
  123  14:56  Command Center  
  123  14:57  Marine x2, Marauder  
  129  15:00  Marine  
  129  15:01  SCV, Marine  
  132  15:18  Marauder  
  97  15:24  Marine x3  
  97  15:26  Concussive Shells, Marine  
  97  15:27  Marine  
  87  15:34  Missile Turret x2  
  83  15:39  Marauder  
  83  15:42  Marine x3  
  83  15:44  Marine x2  
  83  15:47  Terran Infantry Armor Level 3  
  86  15:51  Medivac  
  86  15:52  Medivac  
  90  15:59  Missile Turret  
  90  16:00  Missile Turret, Marine x3  
  90  16:01  Missile Turret, Marauder  
  90  16:02  Missile Turret, Marine  
  90  16:03  SCV x2, Missile Turret x2  
  98  16:10  Marine  
  99  16:17  Marine  
  96  16:22  Marauder  
  94  16:34  Marine x3  
  94  16:35  Marine x2  
  98  16:43  Marauder  
  100  16:52  Marine x3  
  100  16:53  Marine  
  104  17:05  Marauder  
  106  17:13  Marine x3  
  103  17:22  Marine x2  
  105  17:26  Marauder  
  105  17:30  Marine  
  105  17:31  Marine  
  105  17:36  Marine  
  85  17:40  Marine x2  
  87  17:48  Marine x2, Marauder  
  87  17:50  Medivac x2  
  95  17:54  Marine  
  95  17:58  Marine x2  
  97  18:06  Marine x2  
  97  18:09  Marauder  
  97  18:12  Marine  
  96  18:15  Marine  
  96  18:16  Marine  
  92  18:20  Medivac x2  
  92  18:24  Marine x2  
  98  18:29  Marine  
  98  18:30  Marauder  
  101  18:47  Liberator  
  101  18:52  Marauder  
  103  18:59  Marine x5  
  103  19:02  Widow Mine x2  
  110  19:05  Liberator  
  115  19:13  Marauder  
  117  19:19  Marine  
  117  19:21  Marine x3  
  117  19:22  Marine  
  72  19:35  Marauder  
  72  19:37  Marine  
  71  19:39  Marine x4  
  71  19:55  Marine  
  71  19:56  Marauder  
  71  19:57  Marine x4  
  78  20:12  Command Center  
  78  20:13  Marine  
  79  20:14  Marine x2  
  79  20:15  Marine x2  
  79  20:17  Marauder  
  85  20:30  Marine  
  85  20:32  Marine x2  
  85  20:33  Marine x2  
  90  20:38  Missile Turret  
  90  20:39  Marauder  
  92  20:43  Missile Turret  
  92  20:44  Missile Turret x2  
  92  20:45  Missile Turret  
  92  20:48  Marine  
  93  20:50  Marine x3  
  93  20:51  Marine  
  97  20:59  Missile Turret, Marine  
  98  21:06  Marine  
  98  21:08  Marine x3  
  98  21:09  Marine  
  99  21:17  Marine  
  85  21:24  Marine  
  85  21:25  SCV  
  86  21:26  Marine x4  
  82  21:32  Refinery  
  82  21:35  Marine  
  83  21:42  Marine  
  83  21:44  Marine x4  
  88  21:53  Marine  
  89  21:59  Marine  
  90  22:01  Marine x2  
  90  22:02  Marine x2  
  90  22:05  Command Center  
Show
View Real Time Build Order
Export as new Build Order

LindyHop Zerg 

Build Orders: Hatch First, Zergling Baneling 

Get SALT Encoding   

  12  0:01  Drone  
  13  0:10  Drone  
  14  0:34  Hatchery  
  13  0:38  Drone  
  14  0:55  Extractor  
  13  0:59  Spawning Pool  
  13  1:02  Drone  
  13  1:06  Drone  
  14  1:16  Overlord  
  14  1:45  Drone x3  
  17  1:55  Zergling x2  
  18  2:05  Queen  
  18  2:06  Zergling x4  
  22  2:11  Metabolic Boost  
  22  2:16  Zergling x2  
  23  2:30  Baneling Nest  
  23  2:33  Zergling x4  
  24  2:41  Overlord  
  24  2:52  Zergling x4  
  26  3:06  Zergling x6  
  26  3:12  Zergling x4  
  31  3:16  Zergling x2  
  32  3:23  Zergling x2  
  32  3:24  Zergling x2  
  33  3:45  Baneling x7  
  33  3:53  Baneling  
  33  3:54  Zergling x2  
  33  3:55  Zergling x4  
  32  4:20  Zergling x2  
  32  4:21  Zergling x6  
  35  4:27  Zergling x2  
  34  4:33  Zergling x2  
  34  4:35  Zergling x2  
  34  4:42  Drone x2  
  35  4:46  Drone  
  36  4:58  Drone  
  33  5:02  Drone x4  
  33  5:06  Baneling x4  
  34  5:08  Baneling x2  
  34  5:13  Drone  
  35  5:32  Overlord x2  
  30  5:42  Drone x2  
  30  5:43  Drone x5  
  34  5:50  Drone x2  
  34  5:56  Zergling x2  
  37  6:04  Zergling x2  
  37  6:05  Evolution Chamber  
  37  6:06  Zergling x2  
  37  6:14  Roach Warren  
  37  6:16  Queen  
  37  6:17  Extractor  
  37  6:30  Zerg Ground Armor Level 1  
  39  6:32  Drone x2  
  39  6:33  Drone x4  
  43  6:42  Lair  
  43  7:00  Drone x2  
  43  7:01  Drone x2, Extractor  
  46  7:13  Hatchery  
  45  7:17  Drone x2  
  45  7:18  Overlord  
  45  7:22  Extractor  
  46  7:28  Drone x3  
  49  7:45  Overseer  
  48  7:59  Overlord x3  
  48  8:00  Drone x3  
  48  8:01  Drone x3  
  54  8:10  Spire, Glial Reconstitution  
  54  8:12  Roach x2  
  59  8:13  Roach  
  59  8:14  Overlord  
  59  8:23  Pneumatized Carapace  
  59  8:28  Extractor  
  59  8:30  Extractor  
  57  8:46  Zergling x2  
  57  8:47  Zergling x6  
  57  8:48  Zergling x4  
  60  9:22  Mutalisk x5  
  69  9:34  Drone  
  69  9:35  Drone x4  
  70  9:45  Zerg Flyer Weapons Level 1  
  65  10:03  Queen  
  65  10:05  Mutalisk  
  65  10:06  Mutalisk x2  
  72  10:07  Mutalisk  
  72  10:09  Drone x4  
  72  10:13  Hatchery  
  77  10:19  Drone x3  
  80  10:26  Mutalisk  
  82  10:39  Mutalisk  
  82  10:40  Mutalisk  
  86  10:49  Centrifical Hooks  
  85  10:56  Zerg Melee Weapons Level 1  
  85  11:10  Zergling x2  
  85  11:11  Zergling x20  
  95  11:18  Infestation Pit  
  95  11:20  Drone x3  
  95  11:23  Overlord x2  
  95  11:24  Queen  
  99  11:39  Mutalisk x2  
  101  11:41  Overlord x3  
  101  11:45  Zerg Flyer Armor Level 1  
  103  11:51  Baneling x6  
  103  11:52  Baneling x7  
  103  12:00  Zergling x4  
  103  12:01  Zergling x16  
  112  12:06  Zergling x4  
  116  12:15  Roach  
  116  12:16  Roach x5  
  116  12:21  Zergling x2  
  127  12:24  Zergling x2  
  127  12:25  Zergling x4  
  123  12:40  Mutalisk  
  123  12:41  Mutalisk x4  
  113  12:54  Mutalisk  
  113  12:56  Zergling x16  
  123  13:08  Mutalisk  
  123  13:09  Mutalisk  
  123  13:10  Zergling x6  
  122  13:24  Hatchery  
  121  13:38  Baneling  
  121  13:39  Baneling x6  
  120  13:43  Mutalisk  
  120  13:44  Mutalisk  
  124  13:58  Mutalisk x2  
  128  14:03  Mutalisk  
  130  14:19  Zergling x2  
  130  14:21  Zergling x2  
  132  14:37  Mutalisk  
  132  14:38  Mutalisk x3  
  134  14:44  Hive  
  141  14:45  Zergling x2  
  141  14:46  Zergling x4  
  143  15:04  Zergling x2  
  139  15:18  Mutalisk  
  139  15:19  Mutalisk x4  
  139  15:20  Zergling x2  
  135  15:21  Zergling x20  
  143  15:28  Zergling x2  
  143  15:30  Overlord  
  140  15:46  Mutalisk  
  140  15:47  Mutalisk x2  
  140  15:48  Mutalisk  
  144  15:59  Drone x6  
  150  16:28  Baneling  
  150  16:29  Baneling x15  
  150  16:31  Zergling x2  
  151  16:33  Overlord x2  
  151  16:34  Overlord  
  151  16:59  Zergling x6  
  141  17:31  Mutalisk  
  141  17:32  Mutalisk x9  
  151  17:48  Drone x3  
  154  18:11  Zergling x12  
  144  18:16  Zergling x2  
  141  18:22  Mutalisk  
  141  18:24  Drone  
  144  18:31  Zergling x2  
  144  18:32  Zergling x4  
  131  18:44  Zergling x2  
  131  18:45  Zergling x4  
  130  18:56  Baneling  
  130  18:57  Baneling x15  
  130  19:01  Zergling x2  
  130  19:02  Zergling x2  
  109  19:25  Zergling x4  
  109  19:26  Zergling x12  
  105  20:09  Overseer x2  
  105  20:12  Roach x6  
  117  20:14  Hatchery  
  110  20:28  Zergling x8  
  111  20:29  Zergling x4  
  111  20:30  Baneling  
  111  20:32  Baneling  
  111  20:33  Baneling  
  111  20:34  Baneling  
  115  20:52  Zergling x2  
  115  20:53  Zergling x10  
  111  21:15  Mutalisk x4  
  111  21:17  Zergling x2  
  82  21:25  Zergling x4  
  80  21:26  Zergling x2  
  80  21:32  Zergling x2  
  80  21:55  Zergling x18  
  80  21:57  Baneling  
  80  21:58  Baneling  
  89  22:01  Baneling  
  89  22:02  Baneling x2  
Tags
 
Add a new tag
Caveats
  • Supply blocks, unpowered buildings, or Contaminate may cause inaccurate times.
  • Supply counts are checked every 10 seconds.